 Dungeon Crawl Stone Soup version 0.22-a0-803-gd6d8abeff0 (webtiles) character file.

154 Mirvelgyr the Chopper (level 5, -1/47 HPs)
             Began as a Minotaur Berserker on July 22, 2018.
             Was a Believer of Trog.
             Splashed by a jelly's acid (9 damage)
             ... on level 2 of the Dungeon.
             The game lasted 00:01:33 (1011 turns).

Mirvelgyr the Chopper (Minotaur Berserker)          Turns: 1011, Time: 00:01:34

Health: -1/47      AC:  4    Str: 21    XL:     5   Next: 13%
Magic:  4/4        EV: 11    Int:  4    God:    Trog [**....]
Gold:   57         SH:  0    Dex: 11    Spells: 4/4 levels left

rFire    . . .     SeeInvis .   a - +0 hand axe
rCold    . . .     Gourm    .   (no shield)
rNeg     . . .     Faith    .   i - +0 scale mail
rPois    .         Spirit   .   (helmet restricted)
rElec    .         Reflect  .   l - +0 cloak
rCorr    .         Harm     .   (no gloves)
MR       .....                  (no boots)
Stlth    ..........             (no amulet)
HPRegen  0.15/turn              (no ring)
MPRegen  0.09/turn              (no ring)

@: corroded
A: retaliatory headbutt, horns 2
a: Berserk, Trog's Hand, Renounce Religion


You were on level 2 of the Dungeon.
You worshipped Trog.
Trog was pleased with you.
You were not hungry.

You visited 1 branch of the dungeon, and saw 2 of its levels.

You collected 57 gold pieces.

Inventory:

Hand Weapons
 a - a +0 hand axe (weapon)
Armour
 i - a +0 scale mail (worn)
 l - a +0 cloak (worn)
Scrolls
 b - 3 scrolls of identify {unknown}
 f - 2 scrolls of remove curse {unknown}
 g - a scroll of enchant weapon {unknown}
 h - a scroll of fog {unknown}
Potions
 e - a potion of mutation {unknown}
 j - 3 potions of curing {unknown}
 k - a potion of brilliance {unknown}
 m - a potion of agility {unknown}
Comestibles
 c - 3 rations
 d - 8 chunks of flesh


   Skills:
 + Level 4.5 Fighting
 * Level 5.2 Axes
 + Level 3.6 Armour
 + Level 3.2 Dodging


You had 4 spell levels left.
You didn't know any spells.
Your spell library was empty.

Dungeon Overview and Level Annotations

Branches:
Dungeon (2/15)

Altars:


Innate Abilities, Weirdness & Mutations

You reflexively headbutt those who attack you in melee.
You have a pair of horns on your head.


Message History

You are too injured to fight recklessly!
Unknown command.
You are too injured to fight recklessly!
You are too injured to fight recklessly!
You hit the ooze. You headbutt the ooze!
The ooze is almost dead.
You hit the ooze.
You kill the ooze!
Trog accepts your kill. The ooze hits you but does no damage.
You hit the ooze.
You kill the ooze!
Trog accepts your kill.
You slash the jelly!
Your hands burn!
The jelly hits you.
You are splashed with acid!
The acid burns!
* * * LOW HITPOINT WARNING * * *
The jelly hits you.
* * * LOW HITPOINT WARNING * * *
The acid corrodes you!
You are splashed with acid!
The acid burns!
You die...

#.......#
#..........
#.......#
#.#########
#..(....# #.#
####....# #.#
##..'....#
###.#########
#.########
#...........#
##..)...##
###..........
########'##
#...#####.#
#......@J.#
##.## #.#
#...P...P.#
#.# #.#
#...P÷..÷.#
#.# #..
#.P...P...#
#.# ###
#.....P...#
#.#
#[..P÷P...#
#<#####
###########
#.....#
###..###♣♣
##..#..♣


You could see a jelly.

Vanquished Creatures
  Crazy Yiuf (D:2)
  A jelly (D:2)
  An adder (D:2)
  8 oozes (D:2)
  A worm (D:2)
  3 dart slugs
  A leopard gecko (D:1)
  2 bats (D:2)
  4 giant cockroaches
  3 goblins (D:1)
  3 hobgoblins
  14 kobolds
  A quokka (D:2)
  A ball python (D:1)
  2 rats
46 creatures vanquished.

Vanquished Creatures (others)
  9 toadstools (D:2)
9 creatures vanquished.

Grand Total: 55 creatures vanquished

Notes
Turn   | Place    | Note
-------+----------+-------------------------------------------
     0 | D:1      | Mirvelgyr the Minotaur Berserker began the quest for the Orb.
     0 | D:1      | Reached XP level 1. HP: 19/19 MP: 0/0
    81 | D:1      | Reached XP level 2. HP: 17/27 MP: 1/1
   114 | D:1      | Reached skill level 4 in Axes
   434 | D:2      | Found a runed door.
   461 | D:2      | Reached XP level 3. HP: 23/33 MP: 2/2
   609 | D:2      | Noticed Crazy Yiuf
   617 | D:2      | Killed Crazy Yiuf
   705 | D:2      | Reached XP level 4. HP: 38/40 MP: 3/3
   966 | D:2      | Reached ** piety under Trog
  1003 | D:2      | Reached skill level 5 in Axes
  1006 | D:2      | Reached XP level 5. HP: 26/47 MP: 4/4
  1011 | D:2      | Splashed by a jelly's acid

Vault maps used:
D:1:      lightli_arrival_noodles
D:2:      cheibrodos_fertilizer, fountainhead, uniq_crazy_yiuf_cottage,
          uniq_natasha

Skill      XL: |  1  2  3  4 |
---------------+-------------+-----
Axes           | 4 5 |  5.2
Fighting       | 4 |  4.5
Armour         | 3 |  3.6
Dodging        | 3 |  3.2

Action                   |  1- 3 |  4- 6 || total
-------------------------+-------+-------++-------
Melee: Hand axe          |    51 |    42 ||    93
       Headbutt          |     9 |    12 ||    21
Invok: Berserk           |     1 |       ||     1
  Eat: Chunk             |       |     1 ||     1
Armor: Animal skin       |     1 |       ||     1
       Scale mail        |     8 |    15 ||    23
Dodge: Dodged            |    30 |    19 ||    49

Table legend:
 A = Spawn XP
 B = Non-spawn XP
 C = Spawn XP percentage of total XP
 D = Spawn monster count
 E = Non-spawn monster count
 F = Spawn count percentage of total count
 G = Total turns spent on level
                    A         B        C        D         E        F      G
               +---------+---------+-------+---------+---------+-------+---------
         Total |       0 |     220 |   0.0 |       0 |      46 |   0.0 |  1011
               +---------+---------+-------+---------+---------+-------+---------
           D:1 |       0 |      34 |   0.0 |       0 |      17 |   0.0 |   424
           D:2 |       0 |     186 |   0.0 |       0 |      29 |   0.0 |   587
               +---------+---------+-------+---------+---------+-------+---------
